[Event "FIDE World Senior-50 CC 2023"]
[Site "Terrasini"]
[Date "2023.11.05"]
[Round "11.19"]
[White "Gratz, Glen"]
[Black "Dieu, Bruno"]
[Result "1-0"]
[ECO "C18"]
[WhiteElo "2100"]
[BlackElo "2221"]
[Annotator "RC"]
[PlyCount "73"]
[EventDate "2023.10.22"]
[EventType "swiss"]
[EventCountry "ITA"]
[SourceTitle "playchess.com"]
[Source "ChessBase"]
[SourceQuality "1"]
[TimeControl "40/5400+30:1800+30"]

1. e4 e6 2. d4 d5 3. Nc3 Bb4 4. e5 c5 5. a3 Bxc3+ 6. bxc3 Qc7 7. Bb2 Ne7 8. Bd3 b6 9. Qg4 c4 10. Be2 O-O 11. Nf3 Nbc6 12. a4 f6 13. exf6 Rxf6 14. Qg3 e5 15. h4 Rg6 16. Qh2 Bf5 17. O-O-O Qb7 18. h5 Rh6 19. Nxe5 Nxe5 20. dxe5 b5 21. g4 Bxc2 22. Kxc2 bxa4 23. Rb1 Qb3+ 24. Kd2 Qa2 25. Ke3 Rb8 26. Ba3 Rxb1 27. Bxe7 Rb3 28. Qf4 Rb8 29. Bf3 Qb3 30. Bxd5+ Kh8 31. Qxc4 Qc2 32. g5 Rhb6 33. h6 Re8 34. hxg7+ Kxg7 35. Bf6+ Rxf6 36. gxf6+ Kh8 37. Be4 1-0